 Dungeon Crawl Stone Soup version 0.31-a0-600-g62dffe198b (webtiles) character file.

Game seed: 5470540685898942329

900 AdnanSaban the Cudgeller (level 8, -1/48 HPs)
             Began as a Gargoyle Fighter on Aug 21, 2023.
             Slain by a wolf (3 damage)
             ... led by Grum
             ... on level 8 of the Dungeon.
             The game lasted 00:04:38 (4602 turns).

AdnanSaban the Cudgeller (Gargoyle Fighter)         Turns: 4602, Time: 00:04:38

Health: -1/48      AC: 16    Str: 23    XL:     8   Next: 7%
Magic:  8/8        EV: 10    Int:  8    God:
Gold:   304        SH:  4    Dex:  9    Spells: 7/7 levels left

rFire   . . .        v - +2 whip (elec)
rCold   . . .        c - +0 buckler
rNeg    + . .        b - +0 scale mail
rPois   ∞            (no helmet)
rElec   +            m - +2 cloak {Will+}
rCorr   .            (no gloves)
SInv    .            (no boots)
Will    +....        (no amulet) Stlth
                     (no ring)
HPRegen 0.28/turn    (no ring)
MPRegen 0.11/turn

%: no passive effects
@: no status effects
A: sickness immunity, AC +5, negative energy resistance 1, electricity
resistance, torment resistance 1, petrification resistance
a: no special abilities


You were on level 8 of the Dungeon.
You visited 2 branches of the dungeon, and saw 8 of its levels.

You collected 304 gold pieces.

Inventory:

Hand Weapons
 v - a +2 whip of electrocution (weapon)
Missiles
 f - a throwing net
 g - 11 poisoned darts
Armour
 b - a +0 scale mail (worn)
 c - a +0 buckler (worn)
 m - a +2 cloak of willpower (worn)
 s - a scarf of resistance
Jewellery
 y - a ring of wizardry
Scrolls
 a - a scroll of noise {unknown}
 e - 6 scrolls of identify {unknown}
 h - a scroll of teleportation {unknown}
 i - 3 scrolls of fear {unknown}
 l - a scroll of revelation {unknown}
 n - a scroll of vulnerability {unknown}
 p - a scroll of poison {unknown}
 r - a scroll of butterflies {unknown}
 t - a scroll of blinking {unknown}
 w - a scroll of enchant weapon {unknown}
Potions
 d - a potion of might
 j - 2 potions of enlightenment {unknown}
 k - 2 potions of degeneration {unknown}
 o - a potion of heal wounds {unknown}
 q - a potion of mutation {unknown}
 u - 2 potions of curing {unknown}
 x - a potion of ambrosia
 z - a potion of lignification {unknown}


   Skills:
 + Level 4.7 Fighting
 + Level 6.3 Maces & Flails
 + Level 5.6 Armour
 + Level 1.3 Dodging
 + Level 0.8 Stealth
 + Level 4.7 Shields


You had 7 spell levels left.
You didn't know any spells.
Your spell library contained the following spells:

 Spells                   Type           Power      Damage    Failure   Level
 Ensorcelled Hibernation  Hex/Ice        0%         N/A       88%         2
 Ignite Poison            Fire/Tmut/Pois 0%         N/A       98%         3
 Anguish                  Hex/Necr       0%         N/A       100%        4
 Leda's Liquefaction      Hex/Erth       0%         N/A       100%        4
 Sticky Flame             Conj/Fire      0%         2d3       100%        4
 Lee's Rapid Deconstruct  Erth           0%         3d4*      100%        5
 Leda's Unmaking          Conj/Erth      0%         9d1       100%        6
 Ignition                 Fire           0%         3d3       100%        8


Dungeon Overview and Level Annotations

Branches:
Dungeon (6/15)             Temple (1/1) D:4

Altars:
Ashenzari
Dithmenos
Elyvilon
Hepliaklqana
Kikubaaqudgha
Makhleb
Nemelex Xobeh
Ru
Sif Muna
Uskayaw
Xom
Zin
The Shining One

Annotations:
D:5 2 transporters, PirateVox's ghost, novice TrFi
D:8 Grum
Temple 2 transporters


Innate Abilities, Weirdness & Mutations

You are immune to sickness and miasma.
Your stone body is resilient. (AC +5)
You are immune to poison.
You resist negative energy. (rN+)
You are resistant to electric shocks. (rElec)
You are resistant to unholy torment.
You are immune to petrification.


Message History

* * * LOW HITPOINT WARNING * * *
The wolf bites you but does no damage. Grum attacks as he pursues you!
You block Grum's attack. The wolf barely misses you. The wolf misses you.
Found 14 gold pieces.
The wolf attacks as it pursues you! The wolf bites you but does no damage.
The wolf attacks as it pursues you! The wolf barely misses you.
The wolf bites you. The wolf barely misses you.
The wolf bites you but does no damage. The wolf closely misses you.
The wolf bites you but does no damage. The wolf attacks as it pursues you!
The wolf bites you but does no damage. The wolf barely misses you.
The wolf attacks as it pursues you! The wolf barely misses you.
The wolf bites you but does no damage.
A wight comes into view.
It is wielding a +3 halberd of freezing.
The wolf closely misses you.
A wight comes into view. It is wielding a +3 morningstar.
The wolf misses you.
The wight moves out of view.
A bullfrog, an orc and 3 wights come into view.
A wight is wielding a +2 heavy halberd.
A wight is wielding a +5 halberd of freezing.
Found a glowing coppery potion.
The bullfrog croaks.
The wight closely misses you.
An orc comes into view. It is wielding a +0 club.
The bullfrog releases a deep croak.
The wight moves out of view.
An orc priest comes into view. It is wielding a +0 hand axe.
The orc shouts!
The wolf bites you.
The wight hits you from afar with a +3 halberd of freezing!
* * * LOW HITPOINT WARNING * * *
The wight freezes you.
* * * LOW HITPOINT WARNING * * *
An orc wizard comes into view. It is wielding a +0 dagger.
The wolf bites you but does no damage. The wolf attacks as it pursues you!
The wolf closely misses you. The wolf barely misses you. The wolf bites you.
You die...

#.##.######..##..
#............... ....
##.....l.......# ...
#.....g....## ## #..
#..........##..##..
#......h...........# o.
#.##.####..####..#.#.o.
#........o..# ##...#o#
#.........#.####@...o.#
#.........#.##.h.#o.####
.........#...l##.......
........g#..#..F.#.....
.........#o####l.....!.
.........#.###.hzz.....
..........g.hl....z....
.........###...........
###..#.###..###..z....


You could see a wyvern, a wolf, 3 wights, 2 orc priests, an orc wizard and an
orc.

Vanquished Creatures
  An ogre (D:4)
  A phantom (D:5)
  2 scorpions
  A crimson imp (D:3)
  2 jellies (D:5)
  2 hounds
  An orc priest (D:3)
  Crazy Yiuf (D:3)
  A gnoll bouda (D:5)
  Jessica (D:2)
  2 iguanas
  9 gnolls
  12 adders
  A shadow imp (D:3)
  2 worms
  2 dart slugs
  7 orcs
  7 bats
  6 endoplasms
  4 giant cockroaches
  7 goblins
  10 hobgoblins
  2 quokkas
  13 ball pythons
  A frilled lizard (D:1)
  A goblin skeleton (D:3)
  3 goblin zombies (D:3)
  2 hobgoblin zombies (D:3)
  7 kobolds
  3 kobold skeletons (D:3)
  3 rats
117 creatures vanquished.

Notes
Turn   | Place    | Note
-------+----------+-------------------------------------------
     0 | D:1      | AdnanSaban the Gargoyle Fighter began the quest for the
                  | Orb.
     0 | D:1      | Reached XP level 1. HP: 14/14 MP: 1/1
    32 | D:1      | Found a faded altar of an unknown god.
   105 | D:1      | Reached XP level 2. HP: 15/19 MP: 2/2
   500 | D:2      | Found a shadowy altar of Dithmenos.
   602 | D:1      | Reached XP level 3. HP: 22/23 MP: 3/3
   616 | D:2      | Noticed Jessica
   621 | D:2      | Killed Jessica
   622 | D:2      | Reached skill level 3 in Maces & Flails
   833 | D:2      | Reached XP level 4. HP: 28/28 MP: 4/4
  1041 | D:3      | Found a glowing golden altar of the Shining One.
  1075 | D:3      | Reached XP level 5. HP: 32/33 MP: 5/5
  1279 | D:3      | Found a runed translucent door.
  1280 | D:3      | Noticed Crazy Yiuf
  1549 | D:3      | Reached skill level 4 in Maces & Flails
  1904 | D:3      | Killed Crazy Yiuf
  1995 | D:4      | Found a broken altar of Ashenzari.
  2023 | D:4      | Found a sparkling altar of Nemelex Xobeh.
  2107 | D:3      | Reached XP level 6. HP: 16/38 MP: 6/6
  2669 | D:4      | Found a staircase to the Ecumenical Temple.
  2682 | Temple   | Found a transporter.
  2682 | Temple   | Found a transporter.
  2682 | Temple   | Found a transporter.
  2682 | Temple   | Found a transporter.
  2682 | Temple   | Entered the Ecumenical Temple
  2864 | D:4      | Reached skill level 5 in Maces & Flails
  2864 | D:4      | Reached skill level 1 in Dodging
  2864 | D:4      | Reached XP level 7. HP: 41/44 MP: 7/7
  3125 | D:4      | Reached skill level 5 in Armour
  3475 | D:5      | Entered Level 5 of the Dungeon
  3511 | D:5      | Noticed PirateVox's ghost (novice TrFi)
  3779 | D:5      | Found a transporter.
  3786 | D:5      | Found a transporter.
  3974 | D:5      | Reached skill level 6 in Maces & Flails
  4079 | D:5      | Found a white marble altar of Elyvilon.
  4326 | D:5      | Reached XP level 8. HP: 48/48 MP: 8/8
  4563 | D:6      | You fall into a shaft and drop 2 floors!
  4565 | D:8      | Noticed Grum
  4567 | D:8      | Noticed a wyvern
  4598 | D:8      | HP: 1/48 [wight/+3 halberd of freezing (5)]
  4602 | D:8      | Slain by a wolf

Illustrated notes

Levels and vault maps discovered:
D:1:      psy_arrival_conway, layout_rooms, ebering_ecumenical_altar_petrified
D:2:      layout_rooms, basic_altar, nicolae_kite_square_tiling_tiny,
          uniq_jessica
D:3:      layout_loops_ring, nicolae_tso_besieged_by_evil,
          hangedman_decor_slide_cut, minmay_divided_ellipse,
          uniq_crazy_yiuf_cottage
D:4:      mumra_celtic_spiral_tile, layout_cave_pools,
          nicolae_ashenzari_panopticon, nemelex_xobeh_ov_fountains_minmay,
          minmay_snake_closets
D:5:      layout_loops_corners, nicolae_elyvilon_peaceful_grove,
          gammafunk_ghost_hive, minivault_4
D:6:      layout_layer_cave, gammafunk_ghost_split, uniq_blork_the_orc
D:8:      layout_rooms, minmay_misc_feat_more_columns, minmay_misc_feat_x,
          uniq_grum, uniq_amaemon
Temple:   hellmonk_temple_divided_pantheon

Skill      XL: |  1  2  3  4  5  6  7 |
---------------+----------------------+-----
Maces & Flails | 3 4 5 6 |  6.3
Armour         | 4 5 |  5.6
Shields        | 4 |  4.7
Fighting       | 4 |  4.7
Dodging        | 1 |  1.3
Stealth        | |  0.8

Action                     |  1- 3 |  4- 6 |  7- 9 || total
---------------------------+-------+-------+-------++-------
  Melee: Flail             |    92 |   316 |    40 ||   448
         Whip              |       |       |    47 ||    47
 Armour: Scale mail        |    54 |   223 |    48 ||   325
  Dodge: Dodged            |    53 |   177 |    57 ||   287
  Block: Buckler           |    32 |    85 |    22 ||   139

Table legend: (Time is in decaauts)
 A = Elapsed time spent in this place.
 B = Non-inter-level travel time spent in this place.
 C = Inter-level travel time spent in this place.
 D = Time resting spent in this place.
 E = Time spent auto-exploring this place.
 F = Levels seen in this place.
 G = Mean time per level.
                   A        B        C        D        E       F      G
               +--------+--------+--------+--------+--------+-----+--------+
         Total |   4712 |   4500 |    212 |    258 |   3230 |   8 |  589.0 |
       Dungeon |   4710 |   4498 |    212 |    258 |   3230 |   7 |  672.9 |
        Temple |      1 |      1 |      0 |      0 |      0 |   1 |    1.0 |
               +--------+--------+--------+--------+--------+-----+--------+

Top non-repeatable levels by time:
     D:3: 1399 daAuts
     D:4: 1227 daAuts
     D:5: 1060 daAuts
     D:1: 562 daAuts
     D:2: 395 daAuts
     D:8: 37 daAuts
     D:6: 29 daAuts
  Temple: 1 daAuts
